 Dungeon Crawl Stone Soup version 0.26-a0-812-g31a745ddcd (webtiles) character file.

Game seed: 5272948417795548106

280 kae the Ruffian (level 6, -8/50 HPs)
             Began as a Draconian Transmuter on Nov 27, 2020.
             Mangled by Sigmund
             ... wielding a +2 vorpal scythe
              (10 damage)
             ... on level 3 of the Dungeon.
             The game lasted 00:02:36 (3371 turns).

kae the Ruffian (Draconian Transmuter)              Turns: 3371, Time: 00:02:36

Health: -8/50      AC:  6    Str: 11 (14) XL:     6   Next: 5%
Magic:  10/10      EV: 12    Int: 13 (14) God:
Gold:   95         SH:  0    Dex:  8 (11) Spells: 6/10 levels left

rFire    . . .     SeeInvis .   b - +0 spear
rCold    . . .     Faith    .   (no shield)
rNeg     . . .     Spirit   .   (armour unavailable)
rPois    .         Reflect  .   (helmet restricted)
rElec    .         Harm     .   g - scarf {repulsion}
rCorr    .         Rampage  .   (no gloves)
MR       .....                  (no boots)
Stlth    +.........             (no amulet)
HPRegen  0.16/turn              (no ring)
MPRegen  0.12/turn              (no ring)

@: repel missiles
A: unfitting armour, cold-blooded, AC +6
a: no special abilities


You were on level 3 of the Dungeon.
You visited 1 branch of the dungeon, and saw 3 of its levels.

You collected 95 gold pieces.

Inventory:

Hand Weapons
 b - a +0 spear (weapon)
Armour
 g - a scarf of repulsion (worn)
Scrolls
 a - 4 scrolls of teleportation {unknown}
 c - 3 scrolls of remove curse {unknown}
 d - 6 scrolls of identify {unknown}
 f - a scroll of amnesia {unknown}
 h - a scroll of fog {unknown}
 i - a scroll of immolation {unknown}
 j - a scroll of magic mapping {unknown}
 k - a scroll of random uselessness {unknown}


   Skills:
 + Level 2.6 Fighting
 + Level 2.7 Dodging
 * Level 4.4 Unarmed Combat
 + Level 2.7 Spellcasting
 * Level 3.6 Transmutations


You had 6 spell levels left.
You knew the following spells:

 Your Spells              Type           Power        Failure   Level
a - Beastly Appendage     Tmut           ##....       5%          1
b - Spider Form           Tmut/Pois      #.........   32%         3

Your spell library contained the following spells:

 Spells                   Type           Power        Failure   Level
 Wereblood                Tmut           ##......     8%          2
 Ice Form                 Ice/Tmut       #.......     73%         4
 Blade Hands              Tmut           ##........   82%         5


Dungeon Overview and Level Annotations

Branches:
Dungeon (3/15)

Altars:
Kikubaaqudgha
Nemelex Xobeh

Annotations:
D:3 Sigmund


Innate Abilities, Weirdness & Mutations

Your plain brown scales are hard. (AC +6)
You cannot fit into any form of body armour.
You are cold-blooded and may be slowed by cold attacks.


Message History

Something hits you.
You miss something. Something hits you.
You miss something. You miss something. Something hits you!
You hit something. Your punch misses something. Something hits you!
You hit something but do no damage.
Your tail-slap misses something.
Something hits you.
You hit something but do no damage. You tail-slap something. You hit something.
Your tail-slap misses something.
Something hits you.
You hit something but do no damage. You tail-slap something.
Something hits you.
* * * LOW HITPOINT WARNING * * *
x2 You hit something.
You closely miss something. Something hits you!
* * * LOW HITPOINT WARNING * * *
x2 You aren't carrying any potions.
Okay, then.
Unknown command.
You hit something. Something hits you!
You die...

. ## .. .##.@. # ####
#.... .## ..# ... ...#
#.##.# #... #.####.#..#
... #......{(##.# ###.#
########.@..#)#
.<†.####.............#..
.).......#######.........
...############...........
)...................>.....
...###########............
...##### #............
>......#### #.)..........
######....####..........


There were no monsters in sight!

Vanquished Creatures
  Natasha (thrice) (D:2)
  Jessica (D:3)
  Terence (D:2)
  4 gnolls
  6 adders (D:2)
  3 dart slugs
  2 leopard geckos
  An orc (D:3)
  A ball python (D:2)
  5 bats
  A giant cockroach (D:2)
  2 hobgoblins (D:2)
  7 jackals
  A frilled lizard (D:1)
  6 goblins
  8 kobolds
  7 rats
59 creatures vanquished.

Vanquished Creatures (others)
  11 plants (D:3)
11 creatures vanquished.

Grand Total: 70 creatures vanquished

Notes
Turn   | Place    | Note
-------+----------+-------------------------------------------
     0 | D:1      | kae the Draconian Transmuter began the quest for the Orb.
     0 | D:1      | Reached XP level 1. HP: 16/16 MP: 3/3
   265 | D:1      | Reached XP level 2. HP: 23/23 MP: 3/5
   859 | D:1      | Reached XP level 3. HP: 29/29 MP: 4/6
   864 | D:1      | Learned a level 3 spell: Spider Form
  1425 | D:2      | Found a sparkling altar of Nemelex Xobeh.
  1570 | D:2      | Reached XP level 4. HP: 29/36 MP: 5/7
  2088 | D:2      | Noticed Terence
  2089 | D:2      | Found an ancient bone altar of Kikubaaqudgha.
  2133 | D:2      | Killed Terence
  2133 | D:2      | Reached skill level 4 in Unarmed Combat
  2194 | D:2      | Reached XP level 5. HP: 40/41 MP: 6/8
  2372 | D:2      | Found a faded altar of an unknown god.
  2480 | D:2      | Noticed Natasha
  2494 | D:2      | Killed Natasha
  2840 | D:2      | Noticed Natasha
  2854 | D:2      | Killed Natasha
  2871 | D:2      | Noticed Natasha
  2885 | D:2      | Killed Natasha
  3212 | D:3      | Noticed Jessica
  3219 | D:3      | Killed Jessica
  3219 | D:3      | Reached XP level 6. HP: 41/50 MP: 10/10
  3311 | D:3      | Noticed Sigmund
  3370 | D:3      | HP: 1/50 [something (2)]
  3371 | D:3      | Mangled by Sigmund

Illustrated notes

Levels and vault maps discovered:
D:1:      nicolae_arrival_somewhat_less_tricky_arrival, layout_basic
D:2:      layout_rooms, nemelex_xobeh_ov_fountains_minmay, old_standard_altar,
          chequers_ecumenical_altar_simple_redux, moated_statue, uniq_natasha,
          uniq_terence
D:3:      layout_rooms, lemuel_round_altar, chequers_big_river, uniq_jessica,
          uniq_grinder, uniq_sigmund

Skill      XL: |  1  2  3  4 |
---------------+-------------+-----
Dodging        | 2 |  2.7
Fighting       | 2 |  2.6
Unarmed Combat | 4 |  4.4
Transmutations | 3 |  3.6
Spellcasting   | |  2.7

Action                   |  1- 3 |  4- 6 || total
-------------------------+-------+-------++-------
Melee: Unarmed           |    14 |    33 ||    47
       Spear             |    89 |   115 ||   204
       Tailslap          |    11 |     5 ||    16
       Headbutt          |     5 |       ||     5
       Kick              |     8 |     7 ||    15
       Punch             |     1 |       ||     1
 Cast: Beastly Appendage |    17 |    10 ||    27
       Spider Form       |       |     7 ||     7
  Use: Potion            |       |     4 ||     4
 Stab: Sleeping          |       |     1 ||     1
Armor: Skin              |    31 |    40 ||    71
Dodge: Dodged            |    66 |    63 ||   129
       Repelled          |       |     2 ||     2

Table legend: (Time is in decaauts)
 A = Elapsed time spent in this place.
 B = Non-inter-level travel time spent in this place.
 C = Inter-level travel time spent in this place.
 D = Time resting spent in this place.
 E = Time spent auto-exploring this place.
 F = Levels seen in this place.
 G = Mean time per level.
                   A        B        C        D        E       F      G
               +--------+--------+--------+--------+--------+-----+--------+
         Total |   3389 |   3365 |     24 |    391 |   2356 |   3 | 1129.7 |
       Dungeon |   3389 |   3365 |     24 |    391 |   2356 |   3 | 1129.7 |
               +--------+--------+--------+--------+--------+-----+--------+

Top non-repeatable levels by time:
     D:2: 1799 daAuts
     D:1: 1333 daAuts
     D:3: 256 daAuts
